 Dungeon Crawl Stone Soup version 0.32-a0-407-g4da7c8d6d1 (webtiles) character file.

Game seed: 4136770657499200281

6209 seren the Geomancer (level 10, -14/60 HPs)
             Began as a Gargoyle Earth Elementalist on Feb 20, 2024.
             Was a Follower of Vehumet.
             Killed from afar by a frost giant (27 damage)
             ... with a bolt of cold
             ... on level 9 of the Dungeon.
             The game lasted 00:37:12 (11307 turns).

seren the Geomancer (Gargoyle Earth Elementalist)  Turns: 11307, Time: 00:37:13

Health: -14/60     AC: 17    Str: 18    XL:     10   Next: 92%
Magic:  17/18      EV: 13    Int: 20    God:    Vehumet [*.....]
Gold:   119        SH:  0    Dex: 10    Spells: 3/19 levels left

rFire   + . .        u - +0 dagger
rCold   . . .        (no shield)
rNeg    + + .        H - +2 robe {rN+}
rPois   ∞            B - +2 helmet
rElec   +            t - +0 cloak
rCorr   .            (no gloves)
SInv    .            o - +0 pair of boots {Fly}
Will    .....        (no amulet)
Stlth   +++          G - ring of protection from fire
HPRegen 0.30/turn    P - +6 ring of strength
MPRegen 0.16/turn

%: no passive effects
@: flying
A: sickness immunity, AC +7, negative energy resistance 1, electricity
resistance, torment resistance 1, petrification resistance
a: Renounce Religion


You were on level 9 of the Dungeon.
You worshipped Vehumet.
Vehumet was aware of your devotion.
You visited 2 branches of the dungeon, and saw 10 of its levels.
You also visited: Ossuary.

You collected 460 gold pieces.
You spent 341 gold pieces at shops.

Inventory:

Hand Weapons
 u - a +0 dagger (weapon)
 y - the +3 sling of seren's Terror {heavy, rN+}
   (You found it on level 6 of the Dungeon)

   rN+:       It protects you from negative energy.
Missiles
 h - 3 atropa-tipped darts
 i - 18 boomerangs
 r - 28 poisoned darts
Armour
 o - a +0 pair of boots of flying (worn)
 t - a +0 cloak (worn)
 B - a +2 helmet (worn)
 H - a +2 robe of positive energy (worn)
 J - a +2 robe of fire resistance
Magical Staves
 x - a staff of alchemy
Jewellery
 G - a ring of protection from fire (left hand)
 P - a +6 ring of strength (right hand)
Talismans
 k - a talisman of death
Wands
 A - a wand of paralysis (9)
 L - a wand of mindburst (11)
 M - a wand of digging (2)
 O - a wand of flame (9)
Scrolls
 d - 2 scrolls of revelation
 e - 2 scrolls of fear
 g - 3 scrolls of teleportation {!r}
 n - a scroll of immolation
 p - a scroll of amnesia
 q - 3 scrolls of vulnerability
 s - 2 scrolls of noise {unknown}
 v - a scroll of blinking {unknown}
 w - a scroll of enchant weapon {unknown}
 D - a scroll of enchant armour {unknown}
 I - 3 scrolls of poison
Potions
 a - a potion of mutation {unknown}
 b - a potion of magic
 c - a potion of invisibility
 f - 6 potions of heal wounds
 j - 3 potions of haste
 l - 6 potions of curing
 m - a potion of ambrosia
 z - a potion of experience {unknown}
 C - a potion of might {unknown}
 E - 4 potions of cancellation
 F - 2 potions of brilliance {unknown}
 K - a potion of attraction {unknown}
 N - 3 potions of berserk rage


   Skills:
 + Level 5.6 Fighting
 + Level 4.7 Armour
 + Level 5.0 Dodging
 - Level 5.0 Stealth
 + Level 5.4 Spellcasting
 + Level 7.1 Conjurations
 + Level 9.7 Earth Magic
 * Level 2.3 Alchemy
 + Level 4.4 Evocations


You had 3 spell levels left.
You knew the following spells:

 Your Spells              Type           Power      Damage    Failure   Level
a - Sandblast             Erth           88%        2d18      1%          1
b - Passwall              Erth           44%        N/A       1%          3
c - Stone Arrow           Conj/Erth      78%        3d11      1%          3
d - Apportation           Tloc           10%        N/A       11%         1
e - Brom's Barrelling Bo  Conj/Erth      39%        2d6       3%          4
f - Petrify               Alch/Erth      29%        N/A       10%         4

Your spell library contained the following spells:

 Spells                   Type           Power      Damage    Failure   Level
 Sting                    Conj/Alch      96%        1d9       1%          1
 Jinxbite                 Hex            10%        N/A       17%         2
 Tukima's Dance           Hex            5%         N/A       32%         3
 Iskenderun's Mystic Bla  Conj/Tloc      19%        2d6       26%         4
 Dimensional Bullseye     Hex/Tloc       2%         N/A       73%         4
 Passage of Golubria      Tloc           5%         N/A       73%         4
 Alistair's Intoxication  Alch           9%         N/A       75%         5
 Yara's Violent Unravell  Hex/Alch       5%         3d4       88%         5
 Summon Forest            Summ/Tloc      2%         N/A       97%         5
 Eringya's Noxious Bog    Alch           7%         4d6       100%        6
 Summon Hydra             Summ           2%         N/A       100%        7


Dungeon Overview and Level Annotations

Branches:
Dungeon (9/15)             Temple (1/1) D:6            Lair (0/5) D:9
Ossuary (visited)
    Orc: D:9-12

Altars:
Ashenzari
Cheibriados
Dithmenos
Elyvilon
Fedhas
Gozag
Hepliaklqana
Kikubaaqudgha
Makhleb
Nemelex Xobeh
Okawaru
Qazlal
Ru
Sif Muna
Trog
Uskayaw
Vehumet
Wu Jian
Xom
Yredelemnul
Zin
The Shining One

Shops:
D:2 *:!=   D:3 [   D:8 [

Annotations:
D:5 exclusions: orc priest and orc wizard
D:9 exclusions: ice statue, troll and two-headed ogre


Innate Abilities, Weirdness & Mutations

You are immune to sickness and miasma.
Your stone body is resilient. (AC +7)
You are immune to poison.
You resist negative energy. (rN+)
You are resistant to electric shocks. (rElec)
You are resistant to unholy torment.
You are immune to petrification.


Message History

The helpless frost giant fails to defend itself.
You puncture the frost giant!
The frost giant is moderately wounded.
The helpless frost giant fails to defend itself.
You puncture the frost giant!
The frost giant is moderately wounded.
The helpless frost giant fails to defend itself.
You puncture the frost giant!
The frost giant is heavily wounded.
The helpless frost giant fails to defend itself.
You hit the frost giant.
The frost giant is heavily wounded.
The helpless frost giant fails to defend itself.
You puncture the frost giant!
The frost giant is heavily wounded.
The helpless frost giant fails to defend itself.
You puncture the frost giant!
The frost giant is severely wounded.
The frost giant is no longer paralysed.
The frost giant completely misses you.
You hit the frost giant but do no damage.
The frost giant is severely wounded.
The frost giant casts a spell at you. The bolt of cold misses you.
You hit the frost giant but do no damage.
The frost giant is severely wounded.
You are engulfed in freezing vapours.
The frost giant splashes around in the water.
The blast of sand hits the frost giant but does no damage.
The frost giant is severely wounded.
You are engulfed in freezing vapours.
The frost giant hits you with a +3 battleaxe of freezing!!
* * * LOW HITPOINT WARNING * * *
The frost giant freezes you.
* * * LOW HITPOINT WARNING * * *
The frost giant gestures at you while chanting.
The bolt of cold hits you!
* * * LOW HITPOINT WARNING * * *
The frost giant gestures at you while chanting.
The bolt of cold hits you!!
You die...

.........#.....~≈≈≈≈≈≈≈≈≈≈≈≈≈≈≈≈
#..###...#.....~≈≈≈≈≈≈≈≈≈≈≈≈≈≈≈≈
#..# #...#.....~≈≈≈≈≈≈≈≈≈~~~≈≈≈≈
#..#######.....~≈≈≈≈≈≈≈≈≈~I
...............~≈≈≈≈≈≈≈≈≈≈≈~≈≈≈
#..............~≈≈≈≈≈≈≈≈≈≈≈≈≈≈≈≈≈
#.#...#.......~≈≈≈≈≈≈≈≈≈≈≈≈≈≈≈≈≈≈
#........#....~≈≈≈≈≈≈≈≈≈≈≈≈≈≈≈≈≈≈
#........#....~≈@C≈≈≈≈≈≈≈≈≈≈≈≈≈≈≈
#........#....~≈≈≈≈≈≈≈≈≈≈≈≈≈≈≈≈≈≈
#........#....~≈≈≈≈≈≈≈≈≈≈≈≈##≈≈≈≈
..#####..#....~≈≈≈≈≈≈≈≈≈≈≈###≈≈≈≈
### #..#....~≈≈≈≈≈≈≈≈≈≈≈...≈~≈~ #
#..#....≈≈≈≈≈≈≈≈≈≈≈≈####≈.#
#######..#....~≈≈≈≈≈≈≈≈≈≈≈# ####
#........#.).~~≈≈≈≈≈≈≈≈≈###
#.#####..#...~≈≈≈≈≈≈≈≈≈####


You could see a frost giant.

Vanquished Creatures
  Psyche (D:7)
  11 yaks
  2 wyverns (D:9)
  A water moccasin (D:7)
  7 ice beasts (D:9)
  An ogre (D:4)
  3 centaurs
  3 phantoms
  2 kobold brigands (D:7)
  5 bullfrogs
  2 elf zombies (Ossuary)
  4 scorpions
  4 wights (D:8)
  9 killer bees
  3 electric eels (D:9)
  4 howler monkeys
  A bombardier beetle (D:5)
  2 hounds
  3 centaur zombies (Ossuary)
  An orc priest (D:8)
  A human zombie (Ossuary)
  2 jellies
  5 orc wizards
  2 iguanas
  A sleepcap (D:7)
  8 hound zombies (Ossuary)
  2 mummies (Ossuary)
  A gnoll (D:2)
  9 adders
  2 white imps (D:8)
  2 ufetubi (D:7)
  4 adder zombies (Ossuary)
  3 ribbon worms (D:2)
  7 dart slugs
  34 orcs
  4 bats
  10 endoplasms
  6 giant cockroaches
  5 goblins
  4 hobgoblins
  10 jackals
  17 kobolds
  4 ball pythons
  3 frilled lizards
  3 gnoll zombies (Ossuary)
  6 jackal zombies (Ossuary)
  3 kobold zombies (Ossuary)
  7 orc zombies (Ossuary)
  A rat (D:2)
235 creatures vanquished.

Vanquished Creatures (collateral kills)
  2 boulders (D:8)
2 creatures vanquished.

Vanquished Creatures (others)
  2 boulders (D:8)
2 creatures vanquished.

Grand Total: 239 creatures vanquished

Notes
Turn   | Place    | Note
-------+----------+-------------------------------------------
     0 | D:1      | seren the Gargoyle Earth Elementalist began the quest for
                  | the Orb.
     0 | D:1      | Reached XP level 1. HP: 10/10 MP: 3/3
   166 | D:1      | Reached XP level 2. HP: 15/15 MP: 0/5
   539 | D:1      | Reached XP level 3. HP: 13/19 MP: 3/6
   731 | D:1      | Reached skill level 4 in Earth Magic
   889 | D:2      | Found Jogryery's Assorted Antiques.
   978 | D:2      | Found Jamod's Book Boutique.
  1009 | D:2      | Found Udun's Jewellery Shoppe.
  1083 | D:2      | Found Dary's Distillery.
  1093 | D:2      | Bought a potion of curing for 30 gold pieces
  1093 | D:2      | Bought a potion of degeneration for 10 gold pieces
  1257 | D:2      | Reached XP level 4. HP: 24/24 MP: 3/7
  1885 | D:3      | Found a faded altar of an unknown god.
  1890 | D:3      | Reached XP level 5. HP: 28/28 MP: 4/8
  2407 | D:3      | Found Picogy's Antique Armour Shop.
  2799 | D:4      | Noticed an ogre
  2892 | D:4      | Reached skill level 1 in Fighting
  2892 | D:4      | Reached XP level 6. HP: 34/34 MP: 7/9
  3046 | D:4      | Reached skill level 5 in Earth Magic
  3046 | D:4      | Reached skill level 1 in Evocations
  3050 | D:4      | Learned a level 3 spell: Passwall
  3054 | D:4      | Learned a level 3 spell: Stone Arrow
  3056 | D:4      | Learned a level 1 spell: Apportation
  3185 | D:4      | Reached skill level 1 in Armour
  3408 | D:4      | Reached XP level 7. HP: 39/39 MP: 8/11
  3450 | D:4      | Found a basalt altar of Yredelemnul.
  3911 | D:5      | Entered Level 5 of the Dungeon
  4077 | D:5      | Found an ornate altar of the Wu Jian Council.
  4077 | D:5      | Found a sacrificial altar of Ru.
  4081 | D:5      | Found a shimmering blue altar of Sif Muna.
  4094 | D:5      | Found a burning altar of Makhleb.
  4437 | D:3      | Bought a glowing helmet for 202 gold pieces
  4787 | D:5      | Learned a level 4 spell: Brom's Barrelling Boulder
  5618 | D:6      | Reached skill level 6 in Earth Magic
  5618 | D:6      | Reached XP level 8. HP: 46/46 MP: 8/12
  5634 | D:6      | Found a staircase to the Ecumenical Temple.
  5647 | D:6      | Identified the +3 sling of seren's Terror {heavy, rN+}
  5718 | Temple   | Entered the Ecumenical Temple
  5929 | D:6      | Found a sand-covered staircase.
  5938 | Ossuary  | Entered an ossuary
  6357 | Ossuary  | Reached skill level 5 in Conjurations
  6889 | D:6      | Reached XP level 9. HP: 47/52 MP: 9/14
  7337 | D:6      | Reached skill level 7 in Earth Magic
  7670 | D:3      | Bought a runed robe for 99 gold pieces
  8457 | D:8      | Noticed Psyche
  8463 | D:7      | Reached skill level 5 in Stealth
  8483 | D:7      | Killed Psyche
  8484 | D:7      | Reached skill level 5 in Fighting
  8560 | D:8      | Found Akujips's Antique Armour Shop.
  9241 | D:8      | Reached skill level 8 in Earth Magic
  9527 | D:8      | Reached XP level 10. HP: 59/59 MP: 12/16
  9798 | D:8      | Reached skill level 9 in Earth Magic
  9924 | D:9      | Reached skill level 5 in Spellcasting
  9981 | D:9      | Found a radiant altar of Vehumet.
  9990 | D:9      | Became a worshipper of Vehumet
 10075 | D:9      | Found a staircase to the Lair.
 10083 | D:9      | Noticed a two-headed ogre
 10096 | D:9      | Learned a level 4 spell: Petrify
 10125 | D:9      | Found an iron altar of Okawaru.
 10202 | D:8      | Reached skill level 1 in Alchemy
 10591 | D:9      | Noticed an ice statue
 10777 | D:9      | Found an ancient bone altar of Kikubaaqudgha.
 10781 | D:9      | Found a white marble altar of Elyvilon.
 11121 | D:9      | Reached * piety under Vehumet
 11121 | D:9      | Offered knowledge of Sting by Vehumet.
 11124 | D:9      | Reached skill level 5 in Dodging
 11261 | D:9      | Noticed a frost giant
 11307 | D:9      | Killed from afar by a frost giant

Illustrated notes

Levels and vault maps discovered:
D:1:      giann_bridges, layout_loops_ring
D:2:      minmay_angry_zag, layout_loops_ring, serial_shops,
          nicolae_shop_tiny_real_fake_doors, nicolae_shop_back_alley_shop, shop,
          shop, minmay_liquid_box, cheibrodos_gnoll_hut
D:3:      wander_river, layout_loops_ring, serial_shops,
          nicolae_shop_statue_plus, nicolae_ecumenical_oubliette
D:4:      kb_forest_paths, layout_basic, mainiacjoe_overflow_surrounded_room
D:5:      layout_basic, nicolae_overflow_macrodata_refinement
D:6:      layout_basic, minmay_temple_entry_glass, enter_ossuary_1
D:7:      layout_rooms
D:8:      layout_rooms, serial_shops, nicolae_shop_overgrown_old_shop,
          uniq_psyche
D:9:      minmay_twisted_water, layout_basic, mainiacjoe_overflow_alcove_4,
          general_overflow_altar, nicolae_overflow_hidden_temple
Temple:   nicolae_temple_god_jail

Skill      XL: |  1  2  3  4  5  6  7  8  9 10 |
---------------+-------------------------------+-----
Earth Magic    | 4 5 6 8 9 |  9.7
Dodging        | 2 3 4 5 |  5.0
Conjurations   | 2 3 4 5 6 7 |  7.1
Stealth        | 3 4 5 |  5.0
Fighting       | 1 3 4 5 |  5.6
Evocations     | 1 2 4 |  4.4
Armour         | 1 2 3 4 |  4.7
Spellcasting   | 3 4 5 |  5.4
Alchemy        | 2 |  2.3

Action                     |  1- 3 |  4- 6 |  7- 9 | 10-12 || total
---------------------------+-------+-------+-------+-------++-------
  Melee: Unarmed           |     1 |     3 |       |       ||     4
         Dagger            |       |     1 |     6 |     9 ||    16
  Throw: Boomerang         |       |    23 |       |       ||    23
         Dart              |       |       |     1 |       ||     1
   Cast: Sandblast         |    32 |    87 |   267 |    96 ||   482
         Stone Arrow       |       |       |     6 |     3 ||     9
         Brom's Barrelling |       |       |     5 |       ||     5
  Evoke: Wand              |       |       |     2 |     3 ||     5
    Use: Scroll            |     3 |     2 |     6 |     3 ||    14
   Stab: Paralysed         |       |       |     3 |     7 ||    10
 Armour: Robe              |     7 |    46 |   176 |    80 ||   309
         Skin              |       |       |     4 |       ||     4
         Leather armour    |       |       |     3 |       ||     3
  Dodge: Dodged            |    16 |    37 |   160 |    65 ||   278

Table legend: (Time is in decaauts)
 A = Elapsed time spent in this place.
 B = Non-inter-level travel time spent in this place.
 C = Inter-level travel time spent in this place.
 D = Time resting spent in this place.
 E = Time spent auto-exploring this place.
 F = Levels seen in this place.
 G = Mean time per level.
                   A        B        C        D        E       F      G
               +--------+--------+--------+--------+--------+-----+--------+
         Total |  11564 |  10760 |    804 |   1991 |   5476 |  11 | 1051.3 |
       Dungeon |  10691 |   9887 |    804 |   1761 |   5386 |   9 | 1187.9 |
        Temple |      3 |      3 |      0 |      0 |      0 |   1 |    3.0 |
       Ossuary |    868 |    868 |      0 |    230 |     90 |   1 |  868.0 |
               +--------+--------+--------+--------+--------+-----+--------+

Top non-repeatable levels by time:
     D:5: 1535 daAuts
     D:9: 1464 daAuts
     D:6: 1329 daAuts
     D:4: 1254 daAuts
     D:3: 1228 daAuts
     D:8: 1149 daAuts
     D:2: 1016 daAuts
     D:7: 943 daAuts
 Ossuary: 868 daAuts
     D:1: 771 daAuts
  Temple: 3 daAuts
